 Dungeon Crawl Stone Soup version 0.29-a0-275-g389c0b56f3 (webtiles) character file.

Game seed: 9560750184445362990

354 Armakuni the Skirmisher (level 6, -6/51 HPs)
             Began as a Human Wanderer on Mar 11, 2022.
             Killed by nerve-wracking pain
             ... invoked by Grinder
              (13 damage)
             ... on level 4 of the Dungeon.
             The game lasted 00:08:57 (2903 turns).

Armakuni the Skirmisher (Human Wanderer)            Turns: 2903, Time: 00:08:58

Health: -6/51      AC:  8    Str: 12    XL:     6   Next: 94%
Magic:  7/7        EV:  9    Int: 15    God:
Gold:   164        SH:  0    Dex: 12    Spells: 7/7 levels left

rFire   . . .      SeeInvis .   a - +3 shortbow
rCold   + . .      Faith    .   (shield currently unavailable)
rNeg    . . .      Spirit   .   i - +1 scale mail
rPois   .          Reflect  .   (no helmet)
rElec   .          Harm     .   (no cloak)
rCorr   .          Rampage  .   h - +0 pair of gloves
Will    .....                   (no boots)
Stlth   ..........              (no amulet)
HPRegen 0.17/turn               J - ring of protection from cold
MPRegen 0.10/turn               L - ring of flight

@: flying
A: no striking features
a: no special abilities


You were on level 4 of the Dungeon.
You visited 1 branch of the dungeon, and saw 4 of its levels.

You collected 164 gold pieces.

Inventory:

Hand Weapons
 a - a +3 shortbow (weapon)
 b - a +0 whip
Armour
 h - a +0 pair of gloves (worn)
 i - a +1 scale mail (worn)
Jewellery
 J - a ring of protection from cold (left hand)
 L - a ring of flight (right hand)
Scrolls
 d - 4 scrolls of identify
Potions
 c - 2 potions of curing
 f - a potion of might {unknown}


   Skills:
 - Level 5.0 Fighting
 - Level 3.0 Bows
 - Level 1.0 Throwing
 + Level 3.0 Armour
 + Level 2.7 Dodging
 - Level 1.0 Spellcasting
 - Level 2.0 Transmutations
 - Level 1.0 Invocations


You had 7 spell levels left.
You didn't know any spells.
Your spell library contained the following spells:

 Spells                   Type           Power      Damage    Failure   Level
 Sting                    Tmut/Pois      12%        1d3       63%         1
 Spider Form              Tmut/Pois      3%         N/A       94%         3
 Fireball                 Conj/Fire      0%         3d3       100%        5
 Iskenderun's Battlesphe  Conj           0%         2d6       100%        5
 Conjure Ball Lightning   Conj/Air       0%         3x3d6     100%        6
 Orb of Destruction       Conj           0%         9d5       100%        7


Dungeon Overview and Level Annotations

Branches:
Dungeon (4/15)
 Temple: D:4-7

Altars:
Okawaru

Shops:
D:2 =

Annotations:
D:2 Sigmund
D:4 Grinder


Message History

Grinder is severely wounded.
Grinder completely misses you.
Your goblin closely misses Grinder.
Your kobold closely misses Grinder.
Grinder hits you but does no damage.
Shoot: a) +3 shortbow
Press: ? - help, Q - select action Shift-Dir - straight line, f/p - Grinder
Aim: Grinder (severely wounded, ally target, 61% to hit)
You shoot an arrow. The arrow closely misses Grinder.
Your goblin hits Grinder but does no damage.
Your kobold barely misses Grinder.
Grinder hits you!
* * * LOW HITPOINT WARNING * * *
Your goblin closely misses Grinder.
Your kobold hits Grinder but does no damage.
Shoot: a) +3 shortbow
Press: ? - help, Q - select action Shift-Dir - straight line, f/p - Grinder
Aim: Grinder (severely wounded, ally target, 61% to hit)
You shoot an arrow. The arrow hits Grinder!
Grinder is almost dead.
Grinder hits you.
* * * LOW HITPOINT WARNING * * *
You writhe in agony.
* * * LOW HITPOINT WARNING * * *
Your goblin barely misses Grinder.
Your kobold hits Grinder with a +0 short sword.
Grinder hits you.
* * * LOW HITPOINT WARNING * * *
Your kobold hits Grinder with a +0 short sword.
Your goblin hits Grinder with a +0 dagger.
Shoot: a) +3 shortbow
Press: ? - help, Q - select action Shift-Dir - straight line, f/p - Grinder
Aim: Grinder (almost dead, not watching you, ally target, 61% to hit)
You shoot an arrow. The arrow hits Grinder.
Grinder is almost dead.
Grinder blinks!
Shoot: a) +3 shortbow
Press: ? - help, Q - select action Shift-Dir - straight line, f/p - Grinder
Aim: Grinder (almost dead, ally target, 61% to hit)
You shoot an arrow. The arrow barely misses Grinder.
Grinder gestures at you. Pain shoots through your body!
You die...

### #..
########## #5# #
#........#
#.####.###
#.######.# #.#...
... #.# #.#
#@#.##...< #.#
#.###gK....##.
#.#
#...........(..#.
#.#
######.###.......
#.##
#####.###.......
#..#
#..)..##........
####.####
#.....##........
#.......#
#.....##.#.....#
#.†#.##.#
#.............#


You could see Grinder (ally target), a friendly goblin (summoned) and a friendly
kobold (summoned).

Vanquished Creatures
  An ice beast (D:3)
  A hound (D:4)
  An orc priest (D:2)
  Jessica (D:2)
  An iguana (D:4)
  An orc wizard (D:2)
  Robin (D:3)
  2 adders (D:3)
  A dart slug (D:2)
  6 orcs
  6 bats
  5 endoplasms
  A giant cockroach (D:3)
  14 goblins
  9 hobgoblins
  4 jackals (D:1)
  5 kobolds
  3 quokkas
  7 ball pythons
  5 frilled lizards
  5 rats
80 creatures vanquished.

Notes
Turn   | Place    | Note
-------+----------+-------------------------------------------
     0 | D:1      | Armakuni the Human Wanderer began the quest for the Orb.
     0 | D:1      | Armakuni set off with the following items: a +2 shortbow, a
                  | +0 scale mail, a potion of curing; and the following spell
                  | memorised: Sting; and the following spells available to
                  | memorise: Spider Form
     0 | D:1      | Reached XP level 1. HP: 15/15 MP: 2/2
    91 | D:1      | Reached XP level 2. HP: 22/22 MP: 3/3
   115 | D:1      | Reached skill level 2 in Fighting
   247 | D:1      | Reached XP level 3. HP: 28/28 MP: 4/4
   329 | D:1      | Reached skill level 3 in Fighting
   586 | D:2      | Noticed Sigmund
   779 | D:2      | Reached XP level 4. HP: 37/37 MP: 5/5
   782 | D:2      | Reached skill level 4 in Fighting
  1053 | D:2      | Noticed Jessica
  1054 | D:2      | Killed Jessica
  1055 | D:2      | Reached XP level 5. HP: 43/43 MP: 6/6
  1365 | D:3      | Noticed Robin
  1369 | D:3      | Killed Robin
  1635 | D:3      | Noticed an ice beast
  1661 | D:3      | Killed an ice beast
  1662 | D:3      | Reached skill level 5 in Fighting
  1662 | D:3      | Reached skill level 1 in Dodging
  1662 | D:3      | Reached XP level 6. HP: 38/51 MP: 7/7
  1858 | D:3      | Found an iron altar of Okawaru.
  1950 | D:3      | Found a faded altar of an unknown god.
  2371 | D:4      | Noticed Grinder
  2384 | D:4      | Paralysed by Grinder for 3 turns
  2444 | D:2      | Found Ibacacats's Jewellery Emporium.
  2882 | D:4      | Paralysed by Grinder for 4 turns
  2892 | D:4      | Paralysed by Grinder for 7 turns
  2903 | D:4      | Killed from afar by Grinder

Illustrated notes

Levels and vault maps discovered:
D:1:      dpeg_arrival_orchard, layout_rooms, kennysheep_another_room, hex_large
D:2:      layout_rooms, serial_shops, shop_fountains, minmay_tromino_i2,
          uniq_sigmund, uniq_jessica
D:3:      layout_basic, okawaru_gym_becter,
          shapermc_ecumenical_altar_notcrosses, uniq_robin
D:4:      layout_loops_cross, uniq_grinder

Skill      XL: |  1  2  3  4  5  6 |
---------------+-------------------+-----
Fighting       | 2 3 4 5 |  5.0
Armour         | 2 3 |  3.0
Dodging        | 1 2 |  2.7
Bows           | |  3.0
Throwing       | |  1.0
Spellcasting   | |  1.0
Transmutations | |  2.0
Invocations    | |  1.0

Action                   |  1- 3 |  4- 6 || total
-------------------------+-------+-------++-------
 Fire: Shortbow          |    84 |   140 ||   224
 Cast: Sting             |       |     1 ||     1
  Use: Scroll            |     6 |     4 ||    10
       Potion            |       |     4 ||     4
Armor: Scale mail        |    20 |    57 ||    77
Dodge: Dodged            |    10 |    44 ||    54

Table legend: (Time is in decaauts)
 A = Elapsed time spent in this place.
 B = Non-inter-level travel time spent in this place.
 C = Inter-level travel time spent in this place.
 D = Time resting spent in this place.
 E = Time spent auto-exploring this place.
 F = Levels seen in this place.
 G = Mean time per level.
                   A        B        C        D        E       F      G
               +--------+--------+--------+--------+--------+-----+--------+
         Total |   3048 |   2823 |    225 |    611 |   1042 |   4 |  762.0 |
       Dungeon |   3048 |   2823 |    225 |    611 |   1042 |   4 |  762.0 |
               +--------+--------+--------+--------+--------+-----+--------+

Top non-repeatable levels by time:
     D:1: 1123 daAuts
     D:3: 1043 daAuts
     D:2: 520 daAuts
     D:4: 360 daAuts
